 Dungeon Crawl Stone Soup version 0.31-a0-150-g89dc3ad700 (webtiles) character file.

Game seed: 12015599217822784838

4 iguanaiguana the Sneak (level 1, -8/21 HPs)
             Began as a Naga Delver on June 9, 2023.
             Mangled by an orc
             ... wielding a +0 flail
              (10 damage)
             ... on level 5 of the Dungeon.
             The game lasted 00:00:21 (24 turns).

iguanaiguana the Sneak (Naga Delver)                  Turns: 24, Time: 00:00:22

Health: -8/21      AC:  1    Str: 14    XL:     1   Next: 60%
Magic:  1/1        EV:  9    Int: 10    God:
Gold:   0          SH:  0    Dex: 12    Spells: 0/0 levels left

rFire   . . .        a - +0 short sword
rCold   . . .        (no shield)
rNeg    . . .        b - +0 leather armour
rPois   +            (no helmet)
rElec   .            (no cloak)
rCorr   .            (no gloves)
SInv    +            (no barding)
Will    .....        (no amulet)
Stlth   +++          (no ring)
HPRegen 0.23/turn    (no ring)
MPRegen 0.07/turn

%: no passive effects
@: hasted, quick
A: AC +0, large, see invisible, deformed body, poison resistance, slowness 2,
spit poison 1, naga tail 1
a: Spit Poison


You were on level 5 of the Dungeon.
You visited 1 branch of the dungeon, and saw 2 of its levels.

Inventory:

Hand Weapons
 a - a +0 short sword (weapon)
Armour
 b - a +0 leather armour (worn)
Wands
 g - a wand of digging (3) {@v3}
Scrolls
 c - a scroll of fog
 d - a scroll of magic mapping {@r5}
 e - a scroll of fear


   Skills:
 + Level 3.3 Fighting
 - Level 2.0 Short Blades
 - Level 1.5 Dodging
 - Level 7.2 Stealth


You couldn't memorise any spells.
You didn't know any spells.
Your spell library was empty.

Dungeon Overview and Level Annotations

Branches:
Dungeon (6/15) Zot: 11971
 Temple: D:4-7

Altars:


Innate Abilities, Weirdness & Mutations

Your serpentine skin is tough. (AC +0)
You have supernaturally acute eyesight. (SInv)
Armour fits poorly on your strangely shaped body.
Your system is resistant to poisons. (rPois)
You cover ground very slowly.
You can spit poison.
You have a snake-like lower body.


Message History

You become an iguana!
No command named ''' Welcome, iguanaiguana the Naga Delver.
Are you destined to find the marvelous Orb of Zot, or to die trying?
Press ? for a list of commands and other information.
You climb downwards.
There is a stone staircase leading up here.
You climb upwards.
There is a stone staircase leading down here. 3 orcs come into view.
The orc shouts!
The orc shouts! x2
There is a stone staircase leading down here.
You hit the orc.
The orc is severely wounded.
The orc hits you with a +0 dagger.
You hit the orc.
You kill the orc!
You hit the orc.
The orc is lightly wounded.
The orc hits you with a +0 club.
You hit the orc.
The orc is severely wounded.
You hit the orc.
You kill the orc!
You hit the orc.
The orc is lightly wounded.
The orc hits you with a +0 flail.
* * * LOW HITPOINT WARNING * * *
You hit the orc but do no damage.
The orc is lightly wounded.
The orc hits you with a +0 flail!
* * * LOW HITPOINT WARNING * * *
You feel yourself speed up.
You hit the orc.
The orc is heavily wounded.
The orc hits you with a +0 flail!
You die...

#.#
#.#
#o#
#.###
#...#
###.#
#.#
#o#
#@#
#.#
#..
####


You could see an orc.

Vanquished Creatures
  2 orcs (D:5)
2 creatures vanquished.

Notes
Turn   | Place    | Note
-------+----------+-------------------------------------------
     0 | D:5      | iguanaiguana the Naga Delver began the quest for the Orb.
     0 | D:5      | Reached XP level 1. HP: 21/21 MP: 1/1
    24 | D:5      | Mangled by an orc

Illustrated notes

Levels and vault maps discovered:
D:5:      layout_loops_ring, serial_shops, shop, uniq_edmund
D:6:      layout_basic, nicolae_overflow_quartered_altars

Action                     || total
---------------------------++-------
  Melee: Short sword       ||     8
    Use: Potion            ||     1
  Dodge: Dodged            ||     1

Table legend: (Time is in decaauts)
 A = Elapsed time spent in this place.
 B = Non-inter-level travel time spent in this place.
 C = Inter-level travel time spent in this place.
 D = Time resting spent in this place.
 E = Time spent auto-exploring this place.
 F = Levels seen in this place.
 G = Mean time per level.
                   A        B        C        D        E       F      G
               +--------+--------+--------+--------+--------+-----+--------+
         Total |     28 |     28 |      0 |      0 |      0 |   2 |   14.0 |
       Dungeon |     28 |     28 |      0 |      0 |      0 |   2 |   14.0 |
               +--------+--------+--------+--------+--------+-----+--------+

Top non-repeatable levels by time:
     D:5: 26 daAuts
     D:6: 1 daAuts
